 Dungeon Crawl Stone Soup version 0.29.1-12-g30fa7ad0bf (webtiles) character file.

Game seed: 5210977435082993197

196 warriortoast the Conjurer (level 5, -6/38 HPs)
             Began as a Draconian Conjurer on Dec 12, 2022.
             Was an Initiate of Hepliaklqana.
             Killed from afar by a steam dragon (11 damage)
             ... with a ball of steam
             ... on level 3 of the Dungeon.
             The game lasted 00:06:03 (3027 turns).

warriortoast the Conjurer (Draconian Conjurer)      Turns: 3027, Time: 00:06:04

Health: -6/38      AC:  5    Str: 10    XL:     5   Next: 46%
Magic:  4/9        EV: 12    Int: 20    God:    Hepliaklqana [......]
Gold:   88         SH:  0    Dex:  9    Spells: 4/10 levels left

rFire   . . .      SeeInvis .   i - +0 short sword (elec)
rCold   . . .      Faith    .   (no shield)
rNeg    . . .      Spirit   .   (body armour unavailable)
rPois   .          Reflect  .   (helmet restricted)
rElec   .          Harm     .   (no cloak)
rCorr   .          Rampage  .   (no gloves)
Will    .....                   (no boots)
Stlth   ++........              (no amulet)
HPRegen 0.12/turn               (no ring)
MPRegen 0.11/turn               (no ring)

@: no status effects
A: AC +5, unfitting armour, cold-blooded
a: Renounce Religion


You were on level 3 of the Dungeon.
You worshipped Hepliaklqana.
Hepliaklqana was noncommittal.
You visited 1 branch of the dungeon, and saw 3 of its levels.

You collected 88 gold pieces.

Inventory:

Hand Weapons
 e - a +0 dagger
 i - a +0 short sword of electrocution (weapon)
Scrolls
 b - 2 scrolls of noise {unknown}
 f - a scroll of teleportation {unknown}
Potions
 a - a potion of magic
 c - 2 potions of berserk rage {unknown}
 d - a potion of flight {unknown}
 g - 2 potions of curing {unknown}
 h - a potion of lignification {unknown}
 j - a potion of might {unknown}


   Skills:
 + Level 2.9 Dodging
 + Level 3.0 Stealth
 + Level 3.0 Spellcasting
 + Level 4.7 Conjurations
 + Level 1.3 Hexes


You had 4 spell levels left.
You knew the following spells:

 Your Spells              Type           Power      Damage    Failure   Level
a - Magic Dart            Conj           84%        1d7       1%          1
b - Searing Ray           Conj           42%        2d6       3%          2
c - Dazzling Flash        Conj/Hex       30%        N/A       12%         3

Your spell library contained the following spells:

 Spells                   Type           Power      Damage    Failure   Level
 Stone Arrow              Conj/Erth      24%        3d8       16%         3
 Ensorcelled Hibernation  Hex/Ice        10%        N/A       17%         2
 Inner Flame              Hex/Fire       5%         N/A       32%         3
 Spider Form              Tmut/Pois      3%         N/A       38%         3
 Fulminant Prism          Conj/Hex       7%         3d7       38%         4
 Iskenderun's Mystic Bla  Conj/Tloc      12%        2d5       47%         4
 Cause Fear               Hex            4%         N/A       63%         4
 Anguish                  Hex/Necr       2%         N/A       73%         4
 Discord                  Hex            4%         N/A       100%        8
 Lehudib's Crystal Spear  Conj/Erth      6%         10d3      100%        8
 Animate Armour           Summ/Erth      Unusable   N/A       N/A         4

Dungeon Overview and Level Annotations

Branches:
Dungeon (3/15)

Altars:
Hepliaklqana
Qazlal

Shops:
D:1 (((

Annotations:
D:3 exclusion: steam dragon


Innate Abilities, Weirdness & Mutations

Your plain brown scales are hard. (AC +5)
You cannot fit into any form of body armour.
You are cold-blooded and may be slowed by cold attacks.


Message History

A steam dragon and an endoplasm come into view.
Found 11 gold pieces.
There are monsters nearby!
Unknown command.
Found a stone staircase leading up.
You can't see any susceptible monsters within range! (Use Z to cast anyway.)
You can't see any susceptible monsters within range! (Use Z to cast anyway.)
An orc comes into view. It is wielding a +0 mace.
The magic dart hits the endoplasm.
You kill the endoplasm!
The magic dart hits the orc but does no damage.
The orc shouts!
You hear an angry hiss.
The magic dart hits the orc but does no damage.
An orc comes into view. It is wielding a +0 flail.
The magic dart hits the orc.
The orc is severely wounded.
The orc shouts!
You hear a shout!
The magic dart hits the orc.
The orc is almost dead.
An orc comes into view. It is wielding a +0 flail.
The magic dart hits the orc but does no damage.
The orc is almost dead.
The steam dragon breathes steam at you. The ball of steam hits you!
You hear a shout!
The magic dart hits the orc.
You kill the orc!
You are engulfed in a cloud of scalding steam.
An orc wizard comes into view. It is wielding a +0 dagger.
The steam dragon breathes steam at you.
The ball of steam hits the orc!
The orc dies!
The ball of steam hits you!
* * * LOW HITPOINT WARNING * * *
You are engulfed in a cloud of scalding steam.
* * * LOW HITPOINT WARNING * * *
You are engulfed in a cloud of scalding steam.
The steam dragon breathes steam at you. The ball of steam hits you!
You die...

#.. ####..################
........oo............
.....)oD)§..o.........
..........###D..#####
.###.o#.#.###.§.#
.............§.####
#<#..#.#.###..§...+ #
#..#.#.###..@#### ...
......>.....#
..............#.#######
D.................#
$..#.#)#...........# ..
#...#.#.#.....####..#####...
# #.#..................
#.....##.#..####..
#......#§#....# .#


You could see a steam dragon (catching breath) and an orc wizard.

Vanquished Creatures
  A necrophage (D:3)
  An orc wizard (D:3)
  3 adders (D:2)
  A worm (D:2)
  5 dart slugs
  5 orcs (D:3)
  A ball python (D:1)
  7 bats
  6 endoplasms
  6 goblins
  8 hobgoblins
  6 quokkas
  3 frilled lizards
  5 kobolds
  A rat (D:3)
59 creatures vanquished.

Vanquished Creatures (others)
  2 orcs (D:3)
2 creatures vanquished.

Grand Total: 61 creatures vanquished

Notes
Turn   | Place    | Note
-------+----------+-------------------------------------------
     0 | D:1      | warriortoast the Draconian Conjurer began the quest for the
                  | Orb.
     0 | D:1      | Reached XP level 1. HP: 14/14 MP: 3/3
    30 | D:1      | Found Safu's Weapon Boutique.
    42 | D:1      | Found Tixovvio's Antique Weapon Shoppe.
   192 | D:1      | Reached XP level 2. HP: 12/20 MP: 0/5
   330 | D:1      | Found a faded altar of an unknown god.
   511 | D:1      | Found Bumu's Antique Weapon Shop.
   975 | D:1      | Reached XP level 3. HP: 26/26 MP: 1/6
  1628 | D:2      | Learned a level 2 spell: Searing Ray
  1632 | D:2      | Learned a level 3 spell: Dazzling Flash
  1849 | D:2      | Reached XP level 4. HP: 29/33 MP: 3/7
  2711 | D:3      | Noticed a necrophage
  2742 | D:3      | Killed a necrophage
  2743 | D:3      | Reached skill level 1 in Hexes
  2743 | D:3      | Reached XP level 5. HP: 38/38 MP: 0/9
  2935 | D:3      | Found a hazy altar of Hepliaklqana.
  2943 | D:3      | Became a worshipper of Hepliaklqana the Forgotten
  2961 | D:3      | Found a stormy altar of Qazlal.
  2998 | D:3      | Noticed a steam dragon
  3027 | D:3      | Killed from afar by a steam dragon

Illustrated notes

Levels and vault maps discovered:
D:1:      reono_arrival_forest_river, layout_rooms, serial_shops,
          nicolae_shop_statue_plus, shop, nicolae_shop_crystal,
          basic_ecumenical_altar, chequers_serial_rivers_micro_c,
          minmay_statues_item, wad_floor_pattern_2, kennysheep_nondescript
D:2:      layout_loops_cross, minmay_increasing_density
D:3:      layout_basic, grunt_qazlal_sundering, old_standard_altar,
          grunt_temple_overflow_octagram, dilly_guarded_unrand_throatcut,
          uniq_robin

Skill      XL: |  1  2  3  4  5 |
---------------+----------------+-----
Dodging        | 2 |  2.9
Stealth        | 2 3 |  3.0
Hexes          | 1 |  1.3
Spellcasting   | 3 |  3.0
Conjurations   | |  4.7

Action                   |  1- 3 |  4- 6 || total
-------------------------+-------+-------++-------
Melee: Dagger            |    17 |       ||    17
       Unarmed           |     5 |       ||     5
       Tailslap          |     4 |     1 ||     5
       Short sword       |       |     5 ||     5
       Punch             |       |     1 ||     1
 Cast: Magic Dart        |    99 |    55 ||   154
Armor: Skin              |     9 |     4 ||    13
Dodge: Dodged            |    20 |     8 ||    28
